 Dungeon Crawl Stone Soup version 0.24.0-123-gd5b16e6ec5 (webtiles) character file.

Game seed: 14565188363969395202, levelgen mode: deterministic

20231 Bluestream the Basher (level 12, -2/107 HPs)
             Began as a Minotaur Berserker on Jan 31, 2020.
             Was the Champion of Trog.
             Slain by a catoblepas (5 damage)
             ... while petrified by you
             ... on level 2 of the Lair of Beasts.
             The game lasted 00:35:48 (13684 turns).

Bluestream the Basher (Minotaur Berserker)         Turns: 13684, Time: 00:35:49

Health: -2/107     AC: 18    Str: 22    XL:     12   Next: 43%
Magic:  11/11      EV:  2    Int:  4    God:    Trog [******]
Gold:   662        SH:  0    Dex: 15    Spells: 11/11 levels left

rFire    + . .     SeeInvis .   N - +4 mace
rCold    . . .     Gourm    .   C - +0 large shield
rNeg     + + +     Faith    .   b - +0 plate armour
rPois    ∞         Spirit   .   (helmet restricted)
rElec    .         Reflect  .   Q - +0 cloak
rCorr    .         Harm     .   (no gloves)
MR       .....                  T - +1 pair of boots
Stlth    ..........             d - amulet of magic regeneration
HPRegen  0.27/turn              y - ring of protection from fire
MPRegen  0.37/turn              x - ring of flight (curse)

@: petrified, berserk cooldown, fainting, slowed
A: retaliatory headbutt, horns 2
a: Berserk, Trog's Hand, Brothers in Arms, Renounce Religion, Evoke Flight


You were on level 2 of the Lair of Beasts.
You worshipped Trog.
Trog was exalted by your worship.
You were fainting.

You visited 3 branches of the dungeon, and saw 14 of its levels.

You collected 684 gold pieces.
You spent 22 gold pieces at shops.

Inventory:

Hand Weapons
 a - a +0 mace
 K - a +1 whip of freezing
 N - a +4 mace (weapon)
 P - a +4 antimagic trident
 Z - a +1 antimagic lajatang
Armour
 b - a +0 plate armour (worn)
 v - a scarf of resistance
 w - the +2 scale mail of the Wary Yaks {rElec Dex+3}
   (You found it on level 5 of the Dungeon)

   It affects your dexterity (+3).
   It insulates you from electricity.
 C - a +0 large shield (worn)
 Q - a +0 cloak (worn)
 T - a +1 pair of boots (worn)
Jewellery
 d - an amulet of magic regeneration (around neck)
 q - an uncursed ring of wizardry
 x - a cursed ring of flight (right hand)
 y - a ring of protection from fire (left hand)
 z - an uncursed amulet of harm
 A - an uncursed ring of fire
 R - an uncursed ring of positive energy {unknown}
 Y - a cursed ring of attention {unknown}
Wands
 i - a wand of acid (7)
 E - a wand of random effects (41)
 J - a wand of disintegration (11)
 L - a wand of paralysis (7)
 S - a wand of clouds (5)
 V - a wand of iceblast (14)
Scrolls
 e - 18 scrolls of remove curse
 f - 2 scrolls of enchant armour {unknown}
 j - a scroll of fear {unknown}
 m - 9 scrolls of teleportation
 n - 4 scrolls of enchant weapon {unknown}
 o - 6 scrolls of magic mapping
 p - 7 scrolls of amnesia {unknown}
 r - 4 scrolls of identify
 s - 7 scrolls of fog
 F - a scroll of torment {unknown}
 H - 4 scrolls of random uselessness
 I - a scroll of vulnerability {unknown}
 M - 3 scrolls of immolation {unknown}
 W - a scroll of summoning {unknown}
Potions
 h - a potion of lignification
 k - 3 potions of curing
 l - 3 potions of might
 t - a potion of haste {unknown}
 u - 2 potions of magic {unknown}
 B - a potion of cancellation {unknown}
 D - a potion of heal wounds {unknown}
 G - 2 potions of berserk rage {unknown}
 O - 2 potions of degeneration {unknown}
 X - a potion of mutation {unknown}
Miscellaneous
 U - a phantom mirror
Comestibles
 c - 21 rations


   Skills:
 + Level 10.3 Fighting
 + Level 14.3 Maces & Flails
 + Level 10.2 Armour
 + Level 4.4 Dodging
 + Level 1.8 Stealth
 + Level 13.4 Shields


You had 11 spell levels left.
You didn't know any spells.
Your spell library was empty.

Dungeon Overview and Level Annotations

Branches:
Dungeon (11/15)            Temple (1/1) D:5            Lair (2/6) D:11
  Swamp: Lair:2-4    Shoals: Lair:2-4     Snake: Lair:2-4    Spider: Lair:2-4
    Orc: D:9-12

Altars:
Cheibriados
Dithmenos
Fedhas
Hepliaklqana
Kikubaaqudgha
Nemelex Xobeh
Okawaru
Qazlal
Ru
Trog
Uskayaw
Vehumet
Wu Jian
Xom
Zin
The Shining One

Shops:
D:4 ?   D:7 *   D:11 %


Innate Abilities, Weirdness & Mutations

You reflexively headbutt those who attack you in melee.
You have a pair of horns on your head.


Message History

The catoblepas barely misses you.
The catoblepas breathes a plume of calcifying dust at you.
The blast of calcifying dust hits you!
* * * LOW HITPOINT WARNING * * *
You are engulfed in calcifying dust.
The catoblepas gores you but does no damage.
You are engulfed in calcifying dust.
The catoblepas gores you.
* * * LOW HITPOINT WARNING * * *
You are engulfed in calcifying dust.
The catoblepas breathes a plume of calcifying dust at you.
The blast of calcifying dust hits you!
* * * LOW HITPOINT WARNING * * *
You are engulfed in calcifying dust.
The catoblepas breathes a plume of calcifying dust at you.
The blast of calcifying dust hits you but does no damage.
You are engulfed in calcifying dust.
The catoblepas breathes a plume of calcifying dust at you.
The blast of calcifying dust hits you but does no damage.
The catoblepas gores you!
You die...

.........P...#..........#
.........#.##...........##
...................†.....♣
............♣.♣♣♣♣♣♣.♣..P♣
.........>♣♣♣♣♣ ♣♣♣♣♣♣♣
........♣♣♣ ♣♣♣♣♣♣♣ ##
.#......♣ ♣♣♣♣.P..P♣♣ #♣(:♣#
##....♣♣♣ ♣♣♣.........♣♣##Y?}.#
##..♣♣ ♣♣♣.§.§@Y......#.#≈k.≈#
#...♣ ♣♣P........≈≈≈.♣.##≈≈≈≈#
##..♣♣♣♣.........≈≈≈≈≈♣♣# #≈≈#
###..♣♣PP........≈≈≈≈≈≈≈♣ ##≈#
.##........≈≈≈..P≈≈≈≈≈≈≈# #≈≈≈#
.........≈≈≈≈≈≈.≈≈≈≈≈≈≈≈# #≈≈≈≈
........≈≈≈≈≈≈≈≈≈≈≈♣♣≈≈≈♣##≈##
........≈≈≈≈≈≈≈≈≈≈≈♣♣≈≈≈♣.#;≈#
...>....≈≈≈≈≈≈≈≈≈≈≈♣≈≈≈♣.##≈k≈#


You could see a catoblepas.

Vanquished Creatures
  Fannar (D:11)
  Erica (D:10)
  A dancing weapon (D:9)
  Nergalle (D:10)
  The ghost of Nacau the Chopper, a novice MiBe of Trog (D:9)
  Pikel (D:8)
  A lindwurm (Lair:2)
  An ugly thing (D:11)
  A cyclops (D:11)
  3 black mambas (Lair:2)
  Maurice (D:11)
  An elephant (Lair:1)
  Psyche (D:8)
  2 centaur skeletons (D:10)
  6 spiny frogs
  2 rime drakes (Lair:2)
  2 komodo dragons (Lair:1)
  A polar bear (Lair:2)
  3 blink frogs (Lair:2)
  A hippogriff (D:10)
  4 hogs (D:7)
  A human (D:7)
  A basilisk (Lair:1)
  3 yaks (Lair:1)
  Grum (D:8)
  A steam dragon (D:9)
  An acid dragon (D:10)
  8 water moccasins
  7 porcupines
  5 sky beasts
  3 orc warriors
  2 slaves (D:8)
  9 ice beasts
  2 black bears
  5 ogres
  3 phantoms
  2 wolves (D:8)
  4 centaurs
  3 crocodiles
  2 big kobolds
  8 bullfrogs
  A gnoll sergeant (D:6)
  A water moccasin zombie (D:6)
  2 scorpions
  14 killer bees
  3 wights (D:6)
  3 electric eels
  3 crimson imps (D:6)
  A centaur zombie (D:6)
  4 hounds
  2 bullfrog zombies (D:6)
  2 orc priests
  2 jellies
  2 bullfrog skeletons
  8 orc wizards
  An iguana (D:7)
  11 worker ants
  A hound skeleton (D:5)
  A howler monkey zombie (D:6)
  7 gnolls
  A worker ant zombie (D:6)
  14 adders
  4 shadow imps
  An adder zombie (D:9)
  3 adder skeletons
  4 worms (D:2)
  4 dart slugs
  5 leopard geckos
  17 orcs
  7 giant cockroaches
  7 goblins
  10 hobgoblins
  17 jackals
  8 quokkas
  2 ball pythons
  5 bats
  5 frilled lizards
  A giant cockroach zombie (D:6)
  22 kobolds
  A quokka skeleton (D:2)
  10 rats
  A fungus (Lair:1)
  A plant (D:11)
326 creatures vanquished.

Vanquished Creatures (others)
  A plant (Lair:2)
  3 toadstools (Lair:2)
4 creatures vanquished.

Grand Total: 330 creatures vanquished

Notes
Turn   | Place    | Note
-------+----------+-------------------------------------------
     0 | D:1      | Bluestream the Minotaur Berserker began the quest for the
                  | Orb.
     0 | D:1      | Reached XP level 1. HP: 19/19 MP: 0/0
    59 | D:1      | Reached skill level 4 in Maces & Flails
    59 | D:1      | Reached XP level 2. HP: 26/27 MP: 1/1
   887 | D:2      | Reached ** piety under Trog
   887 | D:2      | Reached XP level 3. HP: 12/33 MP: 2/2
  1170 | D:2      | Found a sparkling altar of Nemelex Xobeh.
  1584 | D:2      | Reached skill level 5 in Maces & Flails
  1584 | D:2      | Reached XP level 4. HP: 40/40 MP: 3/3
  1648 | D:2      | Found a hazy altar of Hepliaklqana.
  1648 | D:2      | Found a glowing golden altar of the Shining One.
  1648 | D:2      | Found a glowing silver altar of Zin.
  1648 | D:2      | Found a hide-covered altar of Uskayaw.
  1658 | D:2      | Found a shadowy altar of Dithmenos.
  1658 | D:2      | Found a radiant altar of Vehumet.
  1875 | D:2      | Found a shimmering altar of Xom.
  2249 | D:3      | Found a stormy altar of Qazlal.
  2392 | D:3      | Found an ornate altar of the Wu Jian Council.
  2445 | D:3      | Reached XP level 5. HP: 39/47 MP: 4/4
  2714 | D:3      | Found an iron altar of Okawaru.
  2817 | D:3      | Found a snail-covered altar of Cheibriados.
  2993 | D:4      | Found Sydu's Magic Scroll Emporium.
  3003 | D:4      | Bought a scroll of identify for 22 gold pieces
  3047 | D:4      | Reached *** piety under Trog
  3048 | D:4      | Noticed a phantom
  3075 | D:4      | Killed a phantom
  3075 | D:4      | Reached skill level 6 in Maces & Flails
  3075 | D:4      | Reached XP level 6. HP: 46/53 MP: 5/5
  3295 | D:4      | Found a sacrificial altar of Ru.
  3467 | D:5      | Entered Level 5 of the Dungeon
  3635 | D:5      | Noticed a sky beast
  3656 | D:5      | Killed a sky beast
  3656 | D:5      | Reached skill level 5 in Fighting
  3656 | D:5      | Reached skill level 7 in Maces & Flails
  3656 | D:5      | Reached skill level 1 in Stealth
  4004 | D:5      | Found an ancient bone altar of Kikubaaqudgha.
  4053 | D:5      | Found a staircase to the Ecumenical Temple.
  4056 | D:5      | Reached XP level 7. HP: 53/61 MP: 6/6
  4058 | D:5      | Got an encrusted scale mail
  4069 | D:5      | Identified the +2 scale mail of the Wary Yaks {rElec Dex+3}
                  | (You found it on level 5 of the Dungeon)
  4219 | D:5      | Found a blossoming altar of Fedhas.
  4550 | Temple   | Entered the Ecumenical Temple
  4596 | D:6      | Reached skill level 8 in Maces & Flails
  4596 | D:6      | Reached skill level 5 in Armour
  4893 | D:6      | Reached XP level 8. HP: 45/70 MP: 7/7
  4918 | D:6      | Reached **** piety under Trog
  5077 | D:6      | Found an ancient bone altar of Kikubaaqudgha.
  5104 | D:6      | Reached skill level 9 in Maces & Flails
  5335 | D:6      | Reached skill level 1 in Shields
  5811 | D:6      | Reached skill level 10 in Maces & Flails
  5847 | D:6      | Reached XP level 9. HP: 76/78 MP: 8/8
  5912 | D:6      | Reached skill level 5 in Shields
  6628 | D:7      | Reached skill level 11 in Maces & Flails
  6727 | D:7      | Found Anlo's General Store.
  6855 | D:8      | Reached ***** piety under Trog
  6903 | D:8      | Found a bloodstained altar of Trog.
  6906 | D:8      | Noticed Psyche
  6915 | D:8      | Killed Psyche
  6915 | D:8      | Reached XP level 10. HP: 86/86 MP: 9/9
  6939 | D:8      | Found a shadowy altar of Dithmenos.
  7236 | D:8      | Found a shimmering altar of Xom.
  7269 | D:8      | Noticed Pikel
  7302 | D:8      | Killed Pikel
  7351 | D:8      | Noticed Grum
  7362 | D:8      | Killed Grum
  7779 | D:9      | Found a runed translucent door.
  7780 | D:9      | Found a shimmering altar of Xom.
  7780 | D:9      | Noticed Nacau's ghost (novice MiBe)
  7780 | D:9      | Noticed a +0 war axe of chaos
  8120 | D:9      | Received a gift from Trog
  8415 | D:9      | Killed Nacau's ghost
  8415 | D:9      | Reached skill level 12 in Maces & Flails
  8415 | D:9      | Reached skill level 10 in Shields
  8424 | D:9      | Killed a +0 war axe of chaos
  8483 | D:10     | Entered Level 10 of the Dungeon
  8573 | D:10     | Reached XP level 11. HP: 64/95 MP: 10/10
  8840 | D:10     | Noticed Nergalle
  8850 | D:10     | Killed Nergalle
  8916 | D:10     | Noticed Erica
  8922 | D:10     | Killed Erica
  9266 | D:10     | Reached skill level 13 in Maces & Flails
  9389 | D:11     | Found a gate leading to a gauntlet.
  9430 | D:11     | Found a staircase to the Lair.
  9556 | D:11     | Noticed Maurice
  9571 | D:11     | Killed Maurice
  9614 | D:11     | Found Cugef Juc's Food Shoppe.
  9864 | D:11     | Noticed Fannar
  9880 | D:11     | Killed Fannar
  9981 | D:11     | Noticed a green ugly thing
  9989 | D:11     | Killed a green ugly thing
 10253 | Lair:1   | Entered Level 1 of the Lair of Beasts
 10839 | Lair:1   | Found a frozen archway.
 11265 | Lair:2   | Reached skill level 14 in Maces & Flails
 11265 | Lair:2   | Reached XP level 12. HP: 90/105 MP: 11/11
 11569 | Lair:2   | Reached ****** piety under Trog
 11824 | Lair:2   | Reached skill level 10 in Fighting
 12010 | Lair:2   | Reached skill level 10 in Armour
 12291 | Lair:2   | Noticed a catoblepas
 12312 | Lair:2   | Found a runed translucent door.
 13135 | Lair:2   | Received a gift from Trog
 13250 | Lair:2   | HP: 5/107 [catoblepas (14)]
 13680 | Lair:2   | HP: 4/107 [catoblepas (2)]
 13684 | Lair:2   | Slain by a catoblepas

Levels and vault maps discovered:
D:1:      lightli_arrival_isolated_outpost, layout_loops_ring
D:2:      minmay_angry_zag, layout_basic, xom_teletrap_fun,
          nemelex_xobeh_ov_fountains_minmay, minmay_overflow_temple_hex
D:3:      layout_loops_ring, marbit_many_paths, okawaru_metal_pillars_1_2,
          nicolae_overflow_hidden_temple, old_standard_altar,
          serial_park_tiny_1, hangedman_decor_opposing
D:4:      layout_basic, kennysheep_mini_moat, first_ration, serial_shops, shop,
          kennysheep_generic_room_11
D:5:      layout_cave_pools, lemuel_crystal_altar, fedhas_altar_2,
          minmay_temple_entry_statues, serial_bayou_pond_d
D:6:      kennysheep_windowed_halls, layout_rooms, basic_altar
D:7:      layout_cave_pools, serial_shops, kennysheep_little_box,
          grunt_livestock
D:8:      layout_loops_ring, lemuel_crystal_altar, basic_altar,
          nicolae_dithmenos_through_a_glass_darkly, uniq_grum, uniq_pikel,
          uniq_psyche
D:9:      layout_irregular_city, ebering_ghost_xom, nrook_pool_corridor
D:10:     layout_rooms, uniq_erica, uniq_nergalle
D:11:     layout_loops_ring, dpeg_oklobed_lair, gauntlet_entry_generic,
          serial_shops, shop, uniq_maurice, uniq_fannar
Temple:   corrupted_temple
Lair:1:   layout_cave_pods, portal_ice_cave_entry_ice_beasts
Lair:2:   gammafunk_lair_enchanted_lake, layout_chaotic_city

Skill      XL: |  1  2  3  4  5  6  7  8  9 10 11 12 |
---------------+-------------------------------------+-----
Maces & Flails | 4 5 6 7 8 10 11 12 14 | 14.3
Fighting       | 4 5 6 7 8 9 10 | 10.3
Dodging        | 3 4 |  4.4
Armour         | 3 4 5 7 8 9 10 | 10.2
Stealth        | 1 |  1.8
Shields        | 4 8 10 12 13 | 13.4

Action                   |  1- 3 |  4- 6 |  7- 9 | 10-12 || total
-------------------------+-------+-------+-------+-------++-------
Melee: Mace              |    90 |   184 |   357 |   713 ||  1344
       Headbutt          |    14 |    20 |    75 |   167 ||   276
       Whip              |       |       |       |    65 ||    65
Invok: Berserk           |       |     1 |     6 |     8 ||    15
  Use: Scroll            |     1 |     4 |     1 |     6 ||    12
       Potion            |       |       |     3 |     2 ||     5
 Stab: Sleeping          |     2 |       |       |       ||     2
  Eat: Chunk             |     1 |     7 |    10 |     5 ||    23
       Ration            |       |     1 |     1 |     7 ||     9
Armor: Animal skin       |     9 |       |       |       ||     9
       Plate armour      |       |    92 |   158 |   223 ||   473
       Ring mail         |       |    16 |       |       ||    16
       Scale mail        |       |       |     3 |       ||     3
Dodge: Dodged            |    43 |    99 |    73 |    99 ||   314
Block: Large shield      |       |       |   196 |   570 ||   766
